 Dungeon Crawl Stone Soup version 0.24-a0-769-g368c1644f8 (webtiles) character file.

Game seed: 12799211094063514700, levelgen mode: deterministic

179 MalarOregon the Slasher (level 5, -8/45 HPs)
             Began as a Draconian Warper on Oct 6, 2019.
             Killed from afar by an orc wizard (9 damage)
             ... with a magic dart
             ... on level 3 of the Dungeon.
             The game lasted 00:07:55 (3536 turns).

MalarOregon the Slasher (Draconian Warper)          Turns: 3536, Time: 00:07:56

Health: -8/45      AC:  5    Str: 14    XL:     5   Next: 33%
Magic:  8/8        EV: 12    Int: 14    God:
Gold:   91         SH:  0    Dex: 10    Spells: 8/8 levels left

rFire    . . .     SeeInvis .   s - +0 great sword
rCold    . . .     Gourm    .   (shield currently unavailable)
rNeg     . . .     Faith    .   (armour unavailable)
rPois    .         Spirit   .   (helmet restricted)
rElec    .         Reflect  .   (no cloak)
rCorr    .         Harm     .   (no gloves)
MR       .....                  (no boots)
Stlth    +.........             (no amulet)
HPRegen  0.15/turn              (no ring)
MPRegen  0.11/turn              (no ring)

@: no status effects
A: unfitting armour, cold-blooded, AC +5
a: no special abilities


You were on level 3 of the Dungeon.
You were not hungry.

You visited 1 branch of the dungeon, and saw 3 of its levels.

You collected 91 gold pieces.

Inventory:

Hand Weapons
 a - a +0 falchion
 s - a +0 great sword (weapon)
   (You found it on level 3 of the Dungeon)
Missiles
 d - 3 boomerangs of dispersal (quivered) {!f}
 r - 19 poisoned darts
Jewellery
 b - an uncursed ring of positive energy {unknown}
   (You found it on level 1 of the Dungeon)
 j - a cursed -2 ring of strength {unknown}
   (You found it on level 1 of the Dungeon)
 m - a cursed ring of teleportation {unknown}
   (You found it on level 1 of the Dungeon)
Scrolls
 c - a scroll of blinking
 f - 2 scrolls of remove curse {unknown}
 i - a scroll of enchant weapon {unknown}
 k - a scroll of noise {unknown}
 l - a scroll of immolation {unknown}
 n - 2 scrolls of identify {unknown}
Potions
 g - 2 potions of heal wounds {unknown}
 h - a potion of lignification {unknown}
 o - 2 potions of mutation {unknown}
 p - a potion of degeneration {unknown}
 q - a potion of flight {unknown}
Comestibles
 e - 5 rations {!d}


   Skills:
 + Level 3.5 Fighting
 - Level 5.0 Long Blades
 - Level 0.8 Throwing
 - Level 2.1 Dodging
 - Level 2.0 Spellcasting
   Level 3.0 Translocations


You had 8 spell levels left.
You didn't know any spells.
Your spell library contained the following spells:

 Spells                   Type           Power        Failure   Level  Hunger
 Blink                    Tloc           N/A          11%         2    ###....
 Shroud of Golubria       Chrm/Tloc      #.....       19%         2    ###....
 Gell's Gravitas          Tloc           #.........   21%         3    ####...
 Lesser Beckoning         Tloc           #.........   21%         3    ####...
 Teleport Other           Tloc           #.......     21%         3    ####...
 Passage of Golubria      Tloc           N/A          56%         4    #####..


Dungeon Overview and Level Annotations

Branches:
Dungeon (3/15)

Altars:
Cheibriados
Okawaru


Innate Abilities, Weirdness & Mutations

Your plain brown scales are hard. (AC +5)
You cannot fit into any form of body armour.
You are cold-blooded and may be slowed by cold attacks.


Message History

The magic dart hits something.
Reactivating autopickup.
You feel a bit more experienced.
You bump into the rock wall.
You feel less confused. The orc wizard misses you.
Things that are here:
a +0 dagger; a +0 robe; an orc corpse You hit the orc wizard.
The orc wizard hits you with a +0 dagger.
* * * LOW HITPOINT WARNING * * *
The orc wizard barely misses you.
You closely miss the orc wizard. The orc wizard closely misses you.
The orc wizard barely misses you.
You completely miss the orc wizard.
The orc wizard hits you with a +0 dagger.
* * * LOW HITPOINT WARNING * * *
The orc wizard closely misses you.
You riposte.
You closely miss the orc wizard. You barely miss the orc wizard.
You tail-slap the orc wizard.
The orc wizard hits you with a +0 dagger.
* * * LOW HITPOINT WARNING * * *
The orc wizard hits you with a +0 dagger.
* * * LOW HITPOINT WARNING * * *
The orc wizard hits you but does no damage.
You barely miss the orc wizard.
Your tail-slap misses the orc wizard.
The orc wizard hits you with a +0 dagger.
* * * LOW HITPOINT WARNING * * *
The orc wizard hits you with a +0 dagger.
* * * LOW HITPOINT WARNING * * *
You barely miss the orc wizard.
The orc wizard hits you with a +0 dagger.
* * * LOW HITPOINT WARNING * * *
The orc wizard hits you but does no damage.
Unknown command.
Throwing (i - inventory. (/) - cycle)
d - 5 boomerangs of dispersal (quivered)
{!f}
Aim: an orc wizard, wielding a +0 dagger and wearing a cursed +0 robe (heavily wounded, fast) Really fire
d - 5 boomerangs of dispersal {!f}?
You throw a boomerang of dispersal {!f}.
The boomerang of dispersal {!f} hits the orc wizard but does no damage.
The orc wizard misses you. The orc wizard closely misses you.
Throwing (i - inventory. (/) - cycle)
d - 4 boomerangs of dispersal (quivered)
{!f}
Aim: an orc wizard, wielding a +0 dagger and wearing a cursed +0 robe (heavily wounded, fast) Really fire
d - 4 boomerangs of dispersal {!f}?
You throw a boomerang of dispersal {!f}.
The boomerang of dispersal {!f} hits the orc wizard.
The orc wizard blinks!
The orc wizard gestures at you while chanting.
The magic dart hits you!
You die...

####.# #.
.....###+#########
.....#....o)so...#
.....#....######.#
.....#.. #o# ....##
#.# .(..# #o# ....#
#s# ....# #@# ..###
#.# ..# #.# ..# #.#
..# ######o#### ..#
#.........# ..#
#.........# ..#######
#.........#
.......)###.........#


You could see an orc wizard, 2 orcs and a giant cockroach.

Vanquished Creatures
  An orc wizard (D:3)
  Jessica (D:3)
  4 gnolls
  3 adders (D:3)
  A worm (D:2)
  4 dart slugs
  2 leopard geckos (D:2)
  3 orcs
  6 bats
  2 goblins
  3 hobgoblins
  2 jackals (D:3)
  3 kobolds
  3 frilled lizards
  3 rats
41 creatures vanquished.

Vanquished Creatures (others)
  An orc wizard (D:3)
1 creature vanquished.

Grand Total: 42 creatures vanquished

Notes
Turn   | Place    | Note
-------+----------+-------------------------------------------
     0 | D:1      | MalarOregon the Draconian Warper began the quest for the
                  | Orb.
     0 | D:1      | Reached XP level 1. HP: 17/17 MP: 3/3
   185 | D:1      | Reached XP level 2. HP: 21/24 MP: 5/5
   257 | D:1      | Reached skill level 3 in Long Blades
   712 | D:2      | Found an iron altar of Okawaru.
   901 | D:2      | Reached XP level 3. HP: 19/29 MP: 6/6
  1065 | D:2      | Reached skill level 4 in Long Blades
  2032 | D:2      | Reached XP level 4. HP: 24/36 MP: 7/7
  2202 | D:2      | Found a snail-covered altar of Cheibriados.
  2407 | D:2      | Found a faded altar of an unknown god.
  3239 | D:3      | Noticed Jessica
  3251 | D:3      | Killed Jessica
  3251 | D:3      | Reached XP level 5. HP: 37/45 MP: 8/8
  3421 | D:3      | Reached skill level 5 in Long Blades
  3534 | D:3      | HP: 1/45 [orc wizard/+0 dagger (4)]
  3536 | D:3      | Killed from afar by an orc wizard

Levels and vault maps discovered:
D:1:      minmay_arrival_checkered_box, layout_basic, minmay_tree_intersection,
          serial_bayou_pond_d
D:2:      layout_basic, cheibriados_altar_1, chequers_ecumenical_altar_grove,
          nrook_mini_vaults, okawaru_gym_becter
D:3:      layout_basic, uniq_jessica

Skill      XL: |  1  2  3  4  5 |
---------------+----------------+-----
Long Blades    | 3 4 5 |  5.0
Fighting       | 3 |  3.5
Throwing       | |  0.8
Dodging        | |  2.1
Spellcasting   | |  2.0
Translocations | |  3.0

Action                   |  1- 3 |  4- 6 || total
-------------------------+-------+-------++-------
Melee: Falchion          |   104 |    74 ||   178
       Tailslap          |    10 |    17 ||    27
       Great sword       |       |    25 ||    25
Throw: Boomerang         |       |     2 ||     2
  Eat: Chunk             |     1 |     4 ||     5
       Ration            |     1 |       ||     1
Armor: Skin              |    32 |    25 ||    57
Dodge: Dodged            |    56 |    65 ||   121
       Rpst.: Falchion   |    18 |    16 ||    34
       Great sword       |       |     2 ||     2

Table legend:
 A = Non-vault XP
 B = Vault XP
 C = Vault XP percentage of total XP
 D = Non-vault monster count
 E = Vault monster count
 F = Vault count percentage of total count
                 A         B        C        D         E       F
            +---------+---------+-------+---------+---------+-------
      Total |     220 |      37 |  14.4 |      41 |       1 |   2.4
            +---------+---------+-------+---------+---------+-------
        D:1 |      45 |       0 |   0.0 |      16 |       0 |   0.0
        D:2 |      69 |       0 |   0.0 |      13 |       0 |   0.0
        D:3 |     106 |      37 |  25.9 |      12 |       1 |   7.7
            +---------+---------+-------+---------+---------+-------
